 Dungeon Crawl Stone Soup version 0.30-a0-627-gc11e7ae810 (webtiles) character file.

Game seed: 12350877168367604477

2485 Citaku the Cleaver (level 9, -15/81 HPs)
             Began as a Minotaur Fighter on Jan 12, 2023.
             Was an Initiate of Gozag.
             Demolished by a gnoll sergeant
             ... wielding a +6 heavy spear
              (16 damage)
             ... on level 7 of the Dungeon.
             The game lasted 00:11:19 (5628 turns).

Citaku the Cleaver (Minotaur Fighter)               Turns: 5628, Time: 00:11:19

Health: -15/81     AC: 12    Str: 24    XL:     9   Next: 27%
Magic:  8/8        EV: 10    Int: 11    God:    Gozag
Gold:   253        SH:  0    Dex: 11    Spells: 8/8 levels left

rFire   . . .      SeeInvis .    y - +4 executioner's axe
rCold   . . .      Faith    .    (shield currently unavailable)
rNeg    . . .      Spirit   .    j - +2 ring mail {rPois}
rPois   +          Reflect  .    (helmet restricted)
rElec   .          Harm     .    (no cloak)
rCorr   +          Rampage  .    v - +0 pair of gloves
Will    .....                    h - +1 pair of boots
Stlth   +                        (no amulet)
HPRegen 0.33/turn                i - ring of resist corrosion
MPRegen 0.11/turn                c - +6 ring of intelligence

@: gold aura
A: horns 2, retaliatory headbutt
a: Renounce Religion, Potion Petition, Call Merchant, Bribe Branch


You were on level 7 of the Dungeon.
You worshipped Gozag.
Gozag was aware of your devotion.
You visited 2 branches of the dungeon, and saw 8 of its levels.

You collected 423 gold pieces.
You spent 50 gold pieces at shops.
You paid 120 gold pieces to Gozag.

Inventory:

Hand Weapons
 y - a +4 executioner's axe (weapon)
Armour
 h - a +1 pair of boots (worn)
 j - a +2 ring mail of poison resistance (worn)
 v - a +0 pair of gloves (worn)
Jewellery
 c - a +6 ring of intelligence (right hand)
 i - a ring of resist corrosion (left hand)
Wands
 w - a wand of quicksilver (6)
 A - a wand of charming (9)
Scrolls
 e - 2 scrolls of immolation
 g - 5 scrolls of teleportation
 m - a scroll of silence
 n - 2 scrolls of identify
 o - a scroll of brand weapon {unknown}
 p - 2 scrolls of poison
 r - a scroll of summoning
 t - a scroll of fog
Potions
 a - 2 potions of heal wounds
 b - a potion of ambrosia
 d - 3 potions of might
 f - a potion of cancellation {unknown}
 k - a potion of flight {unknown}
 l - 3 potions of attraction
 q - 2 potions of berserk rage {unknown}
 s - 2 potions of haste {unknown}
 u - 2 potions of lignification {unknown}
 x - 2 potions of curing {unknown}
 z - 2 potions of brilliance {unknown}
 B - a potion of mutation {unknown}


   Skills:
 + Level 7.9 Fighting
 * Level 10.1 Axes
 + Level 9.0 Armour
 - Level 5.1 Shields


You had 8 spell levels left.
You didn't know any spells.
Your spell library contained the following spells:

 Spells                   Type           Power      Damage    Failure   Level
 Summon Small Mammal      Summ           0%         N/A       45%         1
 Sublimation of Blood     Necr           0%         N/A       61%         2
 Gell's Gravitas          Tloc           0%         N/A       83%         3
 Lesser Beckoning         Tloc           0%         N/A       83%         3
 Teleport Other           Tloc           0%         N/A       83%         3
 Petrify                  Tmut/Erth      0%         N/A       99%         4
 Irradiate                Conj/Tmut      0%         3d11      100%        5


Dungeon Overview and Level Annotations

Branches:
Dungeon (7/15)             Temple (1/1) D:7

Altars:
Ashenzari
Dithmenos
Fedhas
Gozag
Hepliaklqana
Kikubaaqudgha
Makhleb
Nemelex Xobeh
Okawaru
Qazlal
Ru
Sif Muna
Trog
Uskayaw
Vehumet
Xom
Yredelemnul
Zin

Shops:
D:2 *   D:5 *


Innate Abilities, Weirdness & Mutations

You have a pair of horns on your head.
You reflexively headbutt those who attack you in melee.


Message History

The hornet stings you!
The water moccasin bites you but does no damage.
You closely miss the hornet. You headbutt the hornet!
The hornet is moderately wounded.
You slice the water moccasin!! The hornet stings you.
The water moccasin bites you but does no damage.
The hornet closely misses you. You furiously retaliate!
You headbutt the hornet.
The gnoll sergeant hits you from afar with a +6 heavy spear!
The water moccasin closely misses you.
A centaur comes into view.
You closely miss the hornet. You headbutt the hornet!
The hornet is heavily wounded.
You slash the water moccasin!
You kill the water moccasin!
The hornet stings you!
The centaur wields a +0 shortbow.
The centaur shoots an arrow.
The arrow barely misses you. The hornet stings you!
The gnoll sergeant hits you from afar with a +6 heavy spear!
The hornet stings you but does no damage.
Your Armour skill increases to level 9!
You closely miss the hornet. Your headbutt misses the hornet.
The hornet is heavily wounded.
The centaur shoots an arrow.
The arrow hits you!
* * * LOW HITPOINT WARNING * * *
The hornet barely misses you.
The gnoll sergeant hits you from afar with a +6 heavy spear!
* * * LOW HITPOINT WARNING * * *
The hornet barely misses you. You furiously retaliate!
You headbutt the hornet!
The centaur shoots an arrow.
The arrow hits you!
* * * LOW HITPOINT WARNING * * *
You slash the hornet!
You kill the hornet!
The centaur shoots an arrow.
The arrow hits you.
* * * LOW HITPOINT WARNING * * *
The wight is distracted by your dazzling golden aura.
The centaur shoots an arrow.
The arrow closely misses you.
The gnoll sergeant hits you from afar with a +6 heavy spear!
You die...
Your body crumbles into a pile of gold.

#.....(###+#+#.#
...............######.#
#######...............#
..### #........########
....# #...........(... .
....###.....(..########.#
.....))........##.......#
###.###..................
..........####..@$g###.
.....#..#.####...$#z..#
.....##...#.......# .##
.#.#..##..........# g#
##.##..##.#........ :#
#...##.............. z#
..>.......##..#.#c#.. .
#...##........#+#.##.
##.##..##...#...


You could see a gnoll sergeant, a centaur and a wight (unaware).

Vanquished Creatures
  Maggie (D:6)
  A hornet (D:7)
  A steam dragon (D:6)
  Edmund (D:6)
  3 water moccasins
  2 sky beasts (D:6)
  A black bear (D:5)
  3 ogres
  A kobold brigand (D:6)
  2 bullfrogs (D:7)
  A necrophage (D:4)
  2 scorpions
  4 wights (D:6)
  A jelly (D:5)
  2 orc priests
  A hound (D:2)
  4 iguanas
  6 orc wizards
  Robin (D:4)
  4 gnolls (D:7)
  6 adders
  A worm (D:5)
  10 orcs
  9 ball pythons
  7 endoplasms
  4 giant cockroaches
  12 goblins
  10 hobgoblins
  3 jackals (D:1)
  12 kobolds
  3 quokkas
  3 bats
  4 frilled lizards
  4 rats
130 creatures vanquished.

Vanquished Creatures (others)
  18 fungi (D:1)
18 creatures vanquished.

Grand Total: 148 creatures vanquished

Notes
Turn   | Place    | Note
-------+----------+-------------------------------------------
     0 | D:1      | Citaku the Minotaur Fighter began the quest for the Orb.
     0 | D:1      | Reached XP level 1. HP: 19/19 MP: 0/0
   141 | D:1      | Reached XP level 2. HP: 27/27 MP: 1/1
   334 | D:1      | You fall into a shaft and drop 1 floor!
   373 | D:2      | Reached skill level 3 in Axes
   406 | D:2      | Identified the +5 flail "Qylain" {flame, Str+4}
   413 | D:2      | Found Emponn's General Store.
   437 | D:2      | Reached XP level 3. HP: 29/33 MP: 2/2
   563 | D:2      | Reached XP level 4. HP: 40/40 MP: 3/3
  1756 | D:3      | Found a shimmering blue altar of Sif Muna.
  1762 | D:3      | Reached skill level 4 in Axes
  1762 | D:3      | Reached skill level 5 in Armour
  1768 | D:3      | Reached XP level 5. HP: 13/47 MP: 4/4
  1894 | D:3      | Got Sif Muna's Almanac of the Mob
  2001 | D:3      | Found an ancient bone altar of Kikubaaqudgha.
  2063 | D:3      | Found a radiant altar of Vehumet.
  2207 | D:3      | Reached XP level 6. HP: 42/53 MP: 5/5
  2747 | D:4      | Reached skill level 5 in Axes
  2981 | D:4      | Reached skill level 5 in Fighting
  3265 | D:4      | Noticed Robin
  3269 | D:4      | Killed Robin
  3270 | D:4      | Reached XP level 7. HP: 58/61 MP: 6/6
  3410 | D:5      | Entered Level 5 of the Dungeon
  3451 | D:5      | Reached skill level 5 in Shields
  3538 | D:5      | Reached skill level 6 in Axes
  3736 | D:5      | Found Lirivew's Lightly-Used Armoury.
  3743 | D:5      | Bought a -1 executioner's axe for 50 gold pieces
  4077 | D:6      | Noticed Edmund
  4084 | D:6      | Reached skill level 7 in Axes
  4084 | D:6      | Reached XP level 8. HP: 35/70 MP: 7/7
  4088 | D:6      | Killed Edmund
  4145 | D:6      | Reached skill level 8 in Axes
  4147 | D:6      | Noticed Maggie
  4162 | D:6      | Killed Maggie
  4574 | D:6      | Reached skill level 9 in Axes
  4746 | D:6      | Reached XP level 9. HP: 46/79 MP: 8/8
  5078 | D:6      | Found a basalt altar of Yredelemnul.
  5082 | D:6      | Found an iron altar of Okawaru.
  5285 | D:7      | Found a staircase to the Ecumenical Temple.
  5328 | Temple   | Entered the Ecumenical Temple
  5342 | Temple   | Became a worshipper of Gozag Ym Sagoz the Greedy
  5591 | D:7      | Identified the +1 robe of the Lotus Blossom {Dex+4}
  5623 | D:7      | Reached skill level 10 in Axes
  5627 | D:7      | HP: 3/81 [centaur/arrow (8)]
  5628 | D:7      | HP: 1/81 [centaur/arrow (3)]
  5628 | D:7      | Demolished by a gnoll sergeant

Illustrated notes

Levels and vault maps discovered:
D:1:      scummos_arrival_checkerplants, layout_basic
D:2:      layout_basic, serial_shops, nicolae_shop_trees
D:3:      layout_loops_ring, palyth_temple_overflow_mages
D:4:      layout_basic, uniq_robin
D:5:      layout_loops_cross, minmay_shop_damaged, patterned_corridor
D:6:      layout_basic, amethyst_overflow_temple_binary, dreamdust_wishing_well,
          minmay_misc_feat_nine_boxes, uniq_maggie, uniq_edmund
D:7:      layout_basic, gammafunk_temple_overflow_elements,
          minmay_temple_entry_waves, amcnicky_mini_rare_corridor_liquid,
          minmay_manual_mail
Temple:   nicolae_temple_bog_church

Skill      XL: |  1  2  3  4  5  6  7  8  9 |
---------------+----------------------------+-----
Armour         | 4 5 6 7 8 9 |  9.0
Axes           | 3 4 5 7 9 10 | 10.1
Fighting       | 4 5 6 7 |  7.9
Shields        | 4 5 |  5.1

Action                   |  1- 3 |  4- 6 |  7- 9 || total
-------------------------+-------+-------+-------++-------
Melee: War axe           |    35 |       |       ||    35
       Headbutt          |     4 |     6 |    17 ||    27
       Flail             |     7 |    89 |    16 ||   112
       Executioner's axe |       |       |    78 ||    78
  Use: Scroll            |       |       |    16 ||    16
       Potion            |       |       |     4 ||     4
Armor: Scale mail        |    29 |    36 |    40 ||   105
       Ring mail         |       |       |    25 ||    25
Dodge: Dodged            |    27 |    34 |    81 ||   142
Block: Buckler           |    12 |    27 |     9 ||    48

Table legend: (Time is in decaauts)
 A = Elapsed time spent in this place.
 B = Non-inter-level travel time spent in this place.
 C = Inter-level travel time spent in this place.
 D = Time resting spent in this place.
 E = Time spent auto-exploring this place.
 F = Levels seen in this place.
 G = Mean time per level.
                   A        B        C        D        E       F      G
               +--------+--------+--------+--------+--------+-----+--------+
         Total |   5716 |   5716 |      0 |    136 |   4311 |   8 |  714.5 |
       Dungeon |   5531 |   5531 |      0 |    136 |   4179 |   7 |  790.1 |
        Temple |    185 |    185 |      0 |      0 |    132 |   1 |  185.0 |
               +--------+--------+--------+--------+--------+-----+--------+

Top non-repeatable levels by time:
     D:3: 1149 daAuts
     D:6: 1099 daAuts
     D:4: 811 daAuts
     D:1: 803 daAuts
     D:2: 689 daAuts
     D:5: 683 daAuts
     D:7: 294 daAuts
  Temple: 185 daAuts
